 Dungeon Crawl Stone Soup version 0.30-a0-364-gf6b3ef1049 (webtiles) character file.

Game seed: 12455437919898545071

390 mopl the Magician (level 6, -1/36 HPs)
             Began as an Octopode Hedge Wizard on Nov 14, 2022.
             Killed from afar by an orc wizard (8 damage)
             ... with a magic dart
             ... on level 4 of the Dungeon.
             The game lasted 00:03:44 (2100 turns).

mopl the Magician (Octopode Hedge Wizard)           Turns: 2100, Time: 00:03:45

Health: -1/36      AC:  1    Str:  9    XL:     6   Next: 80%
Magic:  8/12       EV: 13    Int: 18    God:
Gold:   138        SH:  0    Dex: 12    Spells: 8/14 levels left

rFire   . . .      SeeInvis .    a - +2 dagger (venom)
rCold   . . .      Faith    .    (no shield)
rNeg    . . .      Spirit   .    b - +0 hat
rPois   .          Reflect  .    (no amulet)
rElec   .          Harm     .    (no ring)
rCorr   .          Rampage  .    (no ring)
Will    +....                    (no ring)
Stlth   ++........               (no ring)
HPRegen 0.26/turn                (no ring)
MPRegen 0.13/turn                (no ring)
                                 (no ring)
                                 (no ring)

@: confused, lethally poisoned (-1 -> -14)
A: almost no armour, amphibious, 8 rings, camouflage 1, gelatinous body 1,
(nimble swimmer 1), tentacles, strong-willed 1, evolution 1
a: no special abilities


You were on level 4 of the Dungeon.
You visited 1 branch of the dungeon, and saw 4 of its levels.

You collected 138 gold pieces.

Inventory:

Hand Weapons
 a - a +2 dagger of venom (weapon)
Missiles
 n - 10 poisoned darts
 p - 2 boomerangs
Armour
 b - a +0 hat (worn)
 r - a +0 tower shield
Wands
 l - a wand of flame (21)
Scrolls
 d - 5 scrolls of teleportation
 j - 2 scrolls of enchant weapon {unknown}
 k - 3 scrolls of blinking {unknown}
 q - 2 scrolls of amnesia {unknown}
 s - a scroll of magic mapping {unknown}
 u - a scroll of enchant armour {unknown}
Potions
 c - a potion of magic
 e - a potion of haste {unknown}
 f - a potion of curing {unknown}
 g - a potion of invisibility {unknown}
 h - a potion of mutation {!q}
 i - a potion of attraction {unknown}
 m - 2 potions of flight {unknown}
 o - a potion of might {unknown}
 t - a potion of heal wounds {unknown}


   Skills:
 - Level 2.0 Dodging
 - Level 2.6 Stealth
 + Level 1.2 Shields
 * Level 4.5 Spellcasting
 * Level 3.5 Conjurations
 - Level 1.0 Summonings
 + Level 2.5 Translocations
 - Level 2.0 Air Magic
 - Level 2.0 Poison Magic


You had 8 spell levels left.
You knew the following spells:

 Your Spells              Type           Power      Damage    Failure   Level
a - Magic Dart            Conj           64%        1d6       3%          1
c - Mephitic Cloud        Conj/Pois/Air  13%        N/A       16%         3
e - Blink                 Tloc           26%        N/A       8%          2

Your spell library contained the following spells:

 Spells                   Type           Power      Damage    Failure   Level
 Apportation              Tloc           26%        N/A       4%          1
 Cigotuvi's Dreadful Rot  Necr/Pois/Air  16%        N/A       12%         2
 Slow                     Hex            16%        N/A       14%         1
 Call Imp                 Summ           7%         N/A       14%         2
 Alistair's Intoxication  Tmut/Pois      4%         N/A       95%         5


Dungeon Overview and Level Annotations

Branches:
Dungeon (4/15)
 Temple: D:4-7

Altars:
Zin


Innate Abilities, Weirdness & Mutations

You cannot wear most types of armour.
You are amphibious.
You can wear up to eight rings at the same time.
Your skin changes colour to match your surroundings (Stealth+).
Your rubbery body absorbs attacks. (AC +1, EV +1)
((You are camouflaged when in or above water. (Stealth+)))
You have tentacles for arms and can constrict up to eight enemies at once.
You are strong-willed. (Will+)
You have hidden genetic potential.


Message History

Press: ? - help, Shift-Dir - straight line, f - orc
Aim: an orc, wielding a +0 short sword of venom and wearing a +0 leather armour (100% to hit)
The magic dart hits the orc.
The orc is moderately wounded.
Unknown command.
You hit the orc but do no damage. Your grab misses the orc.
The orc is moderately wounded.
The orc wizard gestures wildly while chanting.
The orc wizard flickers and vanishes!
Deactivating autopickup; reactivate with Ctrl-A.
The orc hits you with a +0 short sword of venom.
You are poisoned.
You hit the orc but do no damage.
The orc is poisoned.
You grab the orc. You squeeze the orc.
You kill the orc!
You feel very sick.
You hear some strange, mumbled words.
You are confused.
Unknown command.
You're too confused to move!
You feel very sick.
You bump into the rock wall.
You feel sick.
You're too confused to move!
You feel sick.
You hear some strange, mumbled words.
Something tries to affect you, but you resist.
You bump into the rock wall.
You feel sick. Something hits you.
You are more poisoned.
You closely miss something. Your squeeze misses something.
You feel very sick. Something hits you.
You are lethally poisoned!
It was a potion of mutation.
You feel extremely strange.
You feel a hidden potential growing inside you.
You feel strong-willed.
* * * LOW HITPOINT WARNING * * *
You feel very sick.
You hear some strange, mumbled words.
A magic dart appears from out of thin air!
The magic dart hits you!
You die...

#...# ##'## #. #.### #.#
#. #.# #.# #. #####.####
##.## #. #........#
##.[.## #. #.###.##.###
#.....########. #.#
#......# ##...###.......
#.#
####.#.#######.####.######
#.######.#...@{.........#
#........#########.######
########## #.# #.#
######### #.# #.......#
#.# #.......# #.#
#.......######.# ####
#...........##.#


There were no monsters in sight!

Vanquished Creatures
  A bullfrog (D:4)
  A necrophage (D:3)
  An orc priest (D:3)
  A hound (D:4)
  Natasha (thrice) (D:2)
  An orc wizard (D:4)
  5 adders
  3 dart slugs
  4 orcs
  4 ball pythons
  4 bats
  5 endoplasms
  A giant cockroach (D:3)
  6 goblins
  A hobgoblin (D:3)
  8 kobolds
  5 quokkas
  4 frilled lizards
  12 rats
70 creatures vanquished.

Notes
Turn   | Place    | Note
-------+----------+-------------------------------------------
     0 | D:1      | mopl the Octopode Hedge Wizard began the quest for the Orb.
     0 | D:1      | Reached XP level 1. HP: 11/11 MP: 4/4
   170 | D:1      | Reached XP level 2. HP: 17/17 MP: 6/6
   256 | D:1      | Learned a level 2 spell: Blink
   558 | D:1      | Reached XP level 3. HP: 21/21 MP: 7/7
   613 | D:2      | Learned a level 3 spell: Mephitic Cloud
   642 | D:2      | Noticed Natasha
   650 | D:2      | Killed Natasha
   651 | D:2      | Reached skill level 2 in Conjurations
   720 | D:2      | Noticed Natasha
   727 | D:2      | Killed Natasha
   728 | D:2      | Reached skill level 1 in Poison Magic
   728 | D:2      | Reached XP level 4. HP: 17/27 MP: 3/9
   811 | D:2      | Noticed Natasha
   818 | D:2      | Killed Natasha
   819 | D:2      | Reached skill level 1 in Air Magic
   865 | D:2      | Reached skill level 2 in Translocations
   865 | D:2      | Reached XP level 5. HP: 25/31 MP: 10/10
  1049 | D:3      | Reached skill level 4 in Spellcasting
  1250 | D:3      | Found a glowing silver altar of Zin.
  1355 | D:3      | Reached skill level 3 in Conjurations
  1368 | D:3      | Reached skill level 2 in Poison Magic
  1368 | D:3      | Reached XP level 6. HP: 16/36 MP: 12/12
  1841 | D:4      | Reached skill level 1 in Shields
  1920 | D:4      | Identified the +2 pair of boots of the Arcane {Dex+3}
  2071 | D:4      | Reached skill level 2 in Air Magic
  2100 | D:4      | Gained mutation: You have hidden genetic potential. [potion
                  | of mutation]
  2100 | D:4      | Gained mutation: You are strong-willed. (Will+) [potion of
                  | mutation]
  2100 | D:4      | Killed from afar by an orc wizard

Illustrated notes

Levels and vault maps discovered:
D:1:      ebering_hopf_link, layout_basic, nrook_campfire,
          kennysheep_decorative_pillar, minmay_misc_feat_ornament
D:2:      layout_basic, uniq_natasha
D:3:      layout_basic, overflow_temple_1_default
D:4:      layout_loops_corners, lightli_sewer_entry_pipes

Skill      XL: |  1  2  3  4  5  6 |
---------------+-------------------+-----
Conjurations   | 2 3 |  3.5
Poison Magic   | 1 2 |  2.0
Air Magic      | 1 2 |  2.0
Translocations | 2 |  2.5
Spellcasting   | 4 |  4.5
Shields        | 1 |  1.2
Dodging        | |  2.0
Stealth        | |  2.6
Summonings     | |  1.0

Action                   |  1- 3 |  4- 6 || total
-------------------------+-------+-------++-------
Melee: Dagger            |    52 |    88 ||   140
       Tentacles         |     7 |    23 ||    30
       Constrict         |    13 |    21 ||    34
 Cast: Magic Dart        |     7 |    17 ||    24
       Blink             |       |     1 ||     1
  Use: Scroll            |       |     1 ||     1
       Potion            |       |     1 ||     1
 Stab: Sleeping          |     9 |    10 ||    19
Armor: Skin              |     4 |     6 ||    10
Dodge: Dodged            |    22 |    41 ||    63

Table legend: (Time is in decaauts)
 A = Elapsed time spent in this place.
 B = Non-inter-level travel time spent in this place.
 C = Inter-level travel time spent in this place.
 D = Time resting spent in this place.
 E = Time spent auto-exploring this place.
 F = Levels seen in this place.
 G = Mean time per level.
                   A        B        C        D        E       F      G
               +--------+--------+--------+--------+--------+-----+--------+
         Total |   2114 |   2035 |     79 |    191 |   1185 |   4 |  528.5 |
       Dungeon |   2114 |   2035 |     79 |    191 |   1185 |   4 |  528.5 |
               +--------+--------+--------+--------+--------+-----+--------+

Top non-repeatable levels by time:
     D:3: 810 daAuts
     D:1: 607 daAuts
     D:2: 431 daAuts
     D:4: 264 daAuts
